 Dungeon Crawl Stone Soup version 0.20.1-1-g8b1a95d (console) character file.

101845 Kloppie the Bludgeoner (level 15, -2/141 HPs)
             Began as a Red Draconian Fighter on July 18, 2017.
             Was the Champion of Okawaru.
             Killed by divine providence
             ... invoked by an orc high priest
              (11 damage)
             ... on level 2 of the Orcish Mines.
             The game lasted 00:43:30 (25533 turns).

Kloppie the Bludgeoner (Red Draconian Fighter)     Turns: 25533, Time: 00:43:30

Health: -2/141     AC: 16    Str: 25    XL:     15   Next: 84%
Magic:  21/21      EV: 21    Int:  8    God:    Okawaru [******]
Gold:   2085       SH: 20    Dex: 16    Spells: 12/14 levels left

rFire    + . .     SeeInvis .   a - +3 demon whip (elec)
rCold    . . .     Gourm    .   V - +5 shield of the Tired Cities {rN+}
rNeg     + . .     Faith    .   (armour unavailable)
rPois    .         Spirit   .   W - +0 hat {MR+}
rElec    .         Reflect  .   h - +1 cloak
rCorr    .         Harm     .   H - +0 pair of gloves of Estragh {MR+}
MR       +++..                  I - +1 pair of boots {Stlth+}
Stlth    ++........             (no amulet)
Regen    0.4/turn               n - +2 ring of slaying
MPRegen  0.2/turn               u - +2 ring of protection

@: mighty, singing
A: breathe fire, unfitting armour, fire resistance 1, cold-blooded, AC +9
a: Breathe Fire, Heroism, Finesse, Renounce Religion


You were on level 2 of the Orcish Mines.
You worshipped Okawaru.
Okawaru was exalted by your worship.
You were hungry.

You visited 4 branches of the dungeon, and saw 23 of its levels.
You also visited: Sewer.

You collected 2085 gold pieces.

Inventory:

Hand Weapons
 a - a +3 demon whip of electrocution (weapon)
 b - a +3 demon whip of draining
Armour
 h - a +1 cloak (worn)
 H - the +0 pair of gloves of Estragh (worn) {MR+}
   (You found it on level 14 of the Dungeon)

   It affects your resistance to hostile enchantments.
 I - a +1 pair of boots of stealth (worn)
 Q - a +2 hat of see invisible
 V - the +5 shield of the Tired Cities (worn) {rN+}
   (You found it on level 6 of the Lair of Beasts)

   It protects you from negative energy.
 W - a +0 hat of magic resistance (worn)
Jewellery
 i - an uncursed ring of protection from fire
 j - an uncursed ring of protection from magic
 k - an uncursed ring of poison resistance
 n - a +2 ring of slaying (left hand)
 u - a +2 ring of protection (right hand)
 N - an uncursed ring of protection from cold
Wands
 s - a wand of digging (14/24)
 t - a wand of random effects (26/48)
 G - a wand of disintegration (16/24)
 O - a wand of disintegration (11/24)
Scrolls
 f - 9 scrolls of teleportation
 m - 2 scrolls of blinking
 p - 10 scrolls of identify
 r - 2 scrolls of fear
 B - 9 scrolls of remove curse
 C - 2 scrolls of brand weapon
 J - 3 scrolls of recharging
 L - 2 scrolls of fog
 P - 2 scrolls of enchant armour
 S - 2 scrolls of magic mapping
Potions
 c - 3 potions of might
 e - 8 potions of curing
 l - 6 potions of haste
 q - 2 potions of flight
 v - 6 potions of heal wounds
 w - 3 potions of agility
 z - 3 potions of invisibility
 A - 3 potions of brilliance
 E - 2 potions of resistance
 U - a potion of lignification
 Y - 3 potions of cancellation
Books
 x - a book of Air

   Spells                             Type                      Level
   a - Shock                          Conjuration/Air              1
   b - Swiftness                      Charms/Air                   2
   c - Static Discharge               Conjuration/Air              3
   d - Airstrike                      Air                          4
   e - Lightning Bolt                 Conjuration/Air              5
 y - a book of Minor Magic

   Spells                             Type                      Level
   a - Magic Dart                     Conjuration                  1
   b - Blink                          Translocation                2
   c - Call Imp                       Summoning                    2
   d - Slow                           Hexes                        2
   e - Conjure Flame                  Conjuration/Fire             3
   f - Mephitic Cloud                 Conjuration/Poison/Air       3
 D - a book of Cantrips

   Spells                             Type                      Level
   a - Confusing Touch                Hexes                        1
   b - Animate Skeleton               Necromancy                   1
   c - Summon Small Mammal            Summoning                    1
   d - Apportation                    Translocation                1
 R - a book of Maledictions

   Spells                             Type                      Level
   a - Corona                         Hexes                        1
   b - Ensorcelled Hibernation        Hexes/Ice                    2
   c - Confuse                        Hexes                        3
   d - Tukima's Dance                 Hexes                        3
   e - Dazzling Spray                 Conjuration/Hexes            3
 X - a book of Battle

   Spells                             Type                      Level
   a - Infusion                       Charms                       1
   b - Shroud of Golubria             Charms/Translocation         2
   c - Song of Slaying                Charms                       2
   d - Spectral Weapon                Hexes/Charms                 3
   e - Regeneration                   Charms/Necromancy            3
Comestibles
 d - 18 bread rations
 g - 40 fruits
 o - 17 meat rations
 F - 13 royal jellies
 K - 8 chunks of flesh


   Skills:
 - Level 15.0 Fighting
 - Level 15.2 Maces & Flails
 - Level 12.3 Dodging
 - Level 15.0 Shields
 + Level 5.0 Charms
 + Level 8.9 Invocations


You had 12 spell levels left.
You knew the following spells:

 Your Spells              Type           Power        Failure   Level  Hunger
a - Song of Slaying       Chrm           #.......     9%          2    ###....


Dungeon Overview and Level Annotations

Branches:
Dungeon (14/15)            Temple (1/1) D:6            Lair (6/6) D:11
 Shoals (0/4) Lair:4       Spider (0/4) Lair:3        Slime (0/5) Lair:6
    Orc (2/2) D:10         Vaults (0/5) D:14
    Elf: Orc:2

Altars:
Ashenzari
Cheibriados
Dithmenos
Elyvilon
Fedhas
Gozag
Hepliaklqana
Kikubaaqudgha
Makhleb
Nemelex Xobeh
Okawaru
Qazlal
Ru
Sif Muna
Trog
Uskayaw
Vehumet
Xom
Yredelemnul
Zin
The Shining One
Jiyva

Shops:
Orc:2 [(

Annotations:
D:6 1 runed door
Lair:2 exclusion: 2 oklob plants


Innate Abilities, Weirdness & Mutations

You can breathe blasts of fire.
Your fiery red scales are hard. (AC +9)
You cannot fit into any form of body armour.
Your flesh is heat resistant. (rF+)
You are cold-blooded and may be slowed by cold attacks.


Message History

You thrash the orc high priest!!
You kill the orc high priest!
Okawaru accepts your kill.
The ice devil disappears in a puff of smoke!
The chaos spawn degenerates into a cloud of primal chaos!
The ynoxinul disappears in a puff of smoke!
The ufetubus disappears in a puff of smoke! x3
Your Charms skill increases to level 5!
You block the red devil's attack. The sixfirhy closely misses you.
You block the red devil's attack. You block the sun demon's attack.
You block the orc high priest's attack.
You block the sixfirhy's attack. x2; The sixfirhy hits you!
* * * LOW HITPOINT WARNING * * *
The sixfirhy shocks you!
* * * LOW HITPOINT WARNING * * *
The red devil hits you from afar with a vampiric trident.
* * * LOW HITPOINT WARNING * * *
The orc high priest calls down the wrath of Beogh upon you.
Beogh smites you!
You die...

......#.....##
............#.. ..
.......#...#.#.# ...
................#####...
...........#......P.....
............#....P......
...#................PPPP
...#...........P§.4.....
....#..#.......§@§4...PP
).............§§3§.∩....
P........##..#T43oo.....
)....P...##...oo)o4.8...
.......P##...##......P..
.........#..###.........
..∩....P....# ##........
......P..#.## ####....#
....8..P..## #...#


You could see 2 orc high priests, a sun demon, an ice devil, a troll, a
sixfirhy, 3 red devils, 2 orc warriors and an orc.

Vanquished Creatures
  Rupert (Lair:6)
  Frances (D:12)
  Gastronok (D:12)
  An orc warlord (Orc:2)
  A fire dragon (Lair:6)
  The ghost of motoroller71 the Carver, a journeyman DsGl of Makhleb (D:12)
  5 vault guards (D:14)
  A rakshasa (D:11)
  10 hydras
  Erica (D:9)
  2 centaur warriors
  13 death yaks
  3 two-headed ogres
  An orc high priest (Orc:2)
  A tengu warrior (D:13)
  Sonja (Lair:2)
  Nergalle (Lair:2)
  2 unseen horrors
  A swamp dragon (Lair:6)
  Pikel (D:5)
  4 lindwurms (D:14)
  A necromancer (Lair:3)
  An orc knight (Orc:2)
  11 ugly things
  6 orc sorcerers
  A deep elf mage (D:13)
  3 manticores
  6 elephants (Lair:6)
  A merfolk siren (Lair:4)
  Maurice (Orc:1)
  4 black mambas (Lair:6)
  2 gargoyles
  2 torpor snails
  10 spiny frogs
  2 kobold demonologists (D:14)
  2 yaktaurs (D:14)
  6 rime drakes
  11 komodo dragons
  A freezing wraith (D:14)
  2 tengu conjurers
  9 polar bears (Lair:6)
  5 trolls
  15 blink frogs
  2 hornets
  3 raiju (Lair:6)
  9 dream sheep
  11 hippogriffs
  4 slime creatures
  4 wraiths
  2 vampires
  Sigmund (D:4)
  50 yaks
  5 wyverns
  4 basilisks
  A hungry ghost (D:11)
  3 steam dragons
  3 vampire mosquitoes (D:11)
  2 insubstantial wisps (D:12)
  5 wargs
  Menkaure (D:6)
  2 soldier ants (D:8)
  4 acid dragons
  10 water moccasins
  14 hell hounds (Lair:6)
  14 porcupines
  5 sky beasts
  A swamp drake (Lair:6)
  11 black bears (Lair:6)
  5 ice beasts
  3 phantoms
  14 orc warriors
  An eye of draining (D:13)
  A slave (D:5)
  19 wolves
  A necrophage (D:7)
  8 ogres
  9 centaurs
  17 crocodiles
  3 big kobolds
  15 bullfrogs
  Blork the orc (D:6)
  A wyvern zombie (D:8)
  11 scorpions
  21 killer bees
  11 wights
  6 howler monkeys
  9 crimson imps
  A quasit (D:11)
  A bullfrog zombie (D:8)
  2 centaur zombies (D:12)
  3 jellies
  18 orc priests
  Crazy Yiuf (D:5)
  A bullfrog skeleton (D:13)
  10 hounds
  3 centaur skeletons
  7 iguanas
  Ijyb (D:5)
  5 orc wizards
  3 hell rats
  9 worker ants
  6 yak simulacra (Lair:3)
  2 wolf simulacra (Lair:3)
  A hound zombie (D:7)
  2 hound skeletons
  2 worker ant zombies
  19 adders
  A gnoll (D:1)
  A howler monkey skeleton (D:10)
  5 river rats
  5 shadow imps
  6 oozes
  An adder zombie (D:9)
  3 adder skeletons
  4 worms
  2 dart slugs
  16 leopard geckos
  81 orcs
  14 ball pythons
  28 giant cockroaches
  7 goblins
  5 hobgoblins (D:2)
  16 jackals
  17 kobolds
  2 quokkas (D:9)
  5 bats
  11 frilled lizards
  2 jackal skeletons
  A leopard gecko skeleton (D:9)
  20 rats
  3 river rat simulacra (Lair:3)
  A plant (Lair:6)
836 creatures vanquished.

Vanquished Creatures (others)
  11 fungi
  22 plants
33 creatures vanquished.

Grand Total: 869 creatures vanquished

Notes
Turn   | Place    | Note
-------+----------+-------------------------------------------
     0 | D:1      | Kloppie the Draconian Fighter began the quest for the Orb.
     0 | D:1      | Reached XP level 1. HP: 19/19 MP: 1/1
   218 | D:1      | Reached XP level 2. HP: 21/26 MP: 2/2
   908 | D:2      | Reached XP level 3. HP: 31/31 MP: 3/3
  1133 | D:2      | Reached XP level 4. HP: 19/38 MP: 4/4
  1440 | D:2      | You fall through a shaft!
  1609 | D:3      | Found a sparkling altar of Nemelex Xobeh.
  1671 | D:3      | Found a glowing drain.
  1675 | D:3      | Reached skill level 5 in Maces & Flails
  1734 | D:3      | Found a shimmering altar of Xom.
  1833 | Sewer    | Entered a sewer
  1874 | Sewer    | Reached XP level 5. HP: 21/45 MP: 5/5
  2538 | Sewer    | Reached XP level 6. HP: 21/51 MP: 6/6
  3272 | D:3      | Found a shimmering altar of Xom.
  3275 | D:3      | Your scales start taking on a fiery red colour.
  3275 | D:3      | Reached XP level 7. HP: 57/57 MP: 7/7
  3275 | D:3      | Gained mutation: Your flesh is heat resistant. (rF+) [Red Draconian growth]
  3276 | D:3      | Found a shimmering altar of Xom.
  3277 | D:3      | Found a shimmering altar of Xom.
  3296 | D:3      | Found a shimmering altar of Xom.
  4569 | D:4      | Reached XP level 8. HP: 42/66 MP: 8/8
  5108 | D:4      | Noticed Sigmund
  5115 | D:4      | Killed Sigmund
  5195 | D:5      | Entered Level 5 of the Dungeon
  5222 | D:5      | Reached skill level 5 in Fighting
  5229 | D:5      | Noticed Ijyb
  5251 | D:4      | HP: 3/68 [hound (3)]
  5651 | D:5      | Killed Ijyb
  6212 | D:5      | Noticed Pikel
  6227 | D:5      | Killed Pikel
  6227 | D:5      | Reached XP level 9. HP: 33/77 MP: 9/9
  6444 | D:5      | Found a sacrificial altar of Ru.
  6444 | D:5      | Found a basalt altar of Yredelemnul.
  6597 | D:5      | Found a runed door.
  6601 | D:5      | Noticed Crazy Yiuf
  6607 | D:5      | Killed Crazy Yiuf
  6680 | D:6      | Found a staircase to the Ecumenical Temple.
  6682 | D:6      | Noticed Blork the orc
  6692 | D:6      | Killed Blork the orc
  6704 | Temple   | Entered the Ecumenical Temple
  6969 | D:6      | Noticed Menkaure
  6977 | D:6      | Killed Menkaure
  7097 | D:6      | Found a white marble altar of Elyvilon.
  7097 | D:6      | Noticed an angel
  7106 | D:6      | Found a runed door.
  7324 | D:6      | Found a faded altar of an unknown god.
  7324 | D:6      | Found an iron altar of Okawaru.
  7329 | D:6      | Found a faded altar of an unknown god.
  7331 | D:6      | Found a deep blue altar of Sif Muna.
  7333 | D:6      | Found a glowing silver altar of Zin.
  7491 | D:6      | Became a worshipper of Warmaster Okawaru
  7650 | D:7      | Reached skill level 5 in Shields
  8258 | D:8      | Reached * piety under Okawaru
  8686 | D:8      | You fall through a shaft!
  8784 | D:9      | Reached XP level 10. HP: 88/88 MP: 10/10
  9055 | D:9      | Noticed Erica
  9068 | D:9      | Reached ** piety under Okawaru
  9083 | D:9      | Killed Erica
  9260 | D:9      | Noticed a two-headed ogre
 10160 | D:9      | Killed a two-headed ogre
 10160 | D:9      | Reached *** piety under Okawaru
 10608 | D:10     | Entered Level 10 of the Dungeon
 10771 | D:10     | Found a basalt altar of Yredelemnul.
 10848 | D:10     | Reached skill level 5 in Dodging
 10852 | D:10     | Reached **** piety under Okawaru
 10948 | D:10     | Found a staircase to the Orcish Mines.
 10957 | D:10     | Reached XP level 11. HP: 73/95 MP: 11/11
 11318 | D:10     | Noticed a centaur warrior
 11330 | D:10     | Killed a centaur warrior
 11676 | D:11     | Noticed a death yak
 11676 | D:11     | Noticed a death yak
 11676 | D:11     | Noticed a brown ugly thing
 11679 | D:11     | Noticed a death yak
 11684 | D:11     | Noticed a death yak
 11700 | D:10     | Killed a brown ugly thing
 11908 | D:10     | Reached ***** piety under Okawaru
 11940 | D:11     | Received a gift from Okawaru
 12318 | D:11     | Found a staircase to the Lair.
 12343 | D:11     | Noticed a rakshasa
 12362 | D:11     | Killed a rakshasa
 12362 | D:11     | Reached skill level 15 in Maces & Flails
 12405 | D:11     | Noticed a four-headed hydra
 12421 | D:11     | Killed a four-headed hydra
 12423 | D:11     | Received a gift from Okawaru
 12913 | D:11     | Noticed a five-headed hydra
 12922 | D:11     | Killed a five-headed hydra
 12922 | D:11     | Reached skill level 10 in Dodging
 13118 | D:11     | Noticed a death yak
 13122 | D:11     | Noticed a death yak
 13143 | D:11     | Killed a death yak
 13152 | D:11     | Killed a death yak
 13152 | D:11     | Reached XP level 12. HP: 65/103 MP: 10/12
 13164 | D:11     | Killed a death yak
 13172 | D:11     | Killed a death yak
 13178 | D:11     | Killed a death yak
 13327 | D:11     | Killed a death yak
 13476 | Lair:1   | Entered Level 1 of the Lair of Beasts
 13533 | Lair:1   | Noticed an eight-headed hydra
 13551 | Lair:1   | Killed an eight-headed hydra
 13934 | Lair:1   | Received a gift from Okawaru
 14209 | Lair:1   | Noticed an eight-headed hydra
 14217 | Lair:1   | Killed an eight-headed hydra
 14217 | Lair:1   | Reached skill level 10 in Shields
 14859 | Lair:2   | Noticed Sonja
 14865 | Lair:2   | Killed Sonja
 14878 | Lair:2   | Noticed Nergalle
 14892 | Lair:2   | Reached ****** piety under Okawaru
 14898 | Lair:2   | Killed Nergalle
 14898 | Lair:2   | Reached XP level 13. HP: 71/112 MP: 13/13
 15009 | Lair:2   | Reached skill level 10 in Fighting
 16495 | Lair:3   | Found a hole to the Spider Nest.
 16815 | Lair:4   | Received a gift from Okawaru
 17537 | Lair:4   | Found a staircase to the Shoals.
 18800 | Lair:6   | Entered Level 6 of the Lair of Beasts
 18944 | Lair:6   | Reached XP level 14. HP: 88/127 MP: 14/14
 19088 | Lair:6   | Noticed Rupert
 19161 | Lair:6   | Killed Rupert
 19161 | Lair:6   | Received a gift from Okawaru
 19914 | Lair:6   | Found a viscous altar of Jiyva.
 19914 | Lair:6   | Found a staircase to the Slime Pits.
 20095 | Lair:6   | Received a gift from Okawaru
 21378 | Lair:6   | Received a gift from Okawaru
 21379 | Lair:6   | Got a transparent hat {god gift}
 21406 | Lair:6   | Got a pitted shield
 21417 | Lair:6   | Identified the +5 shield of the Tired Cities {rN+} (You found it on level 6 of the Lair of Beasts)
 21427 | Lair:6   | Identified the +1 hat of the Poles {*Corrode MR+ Dex+3} (Okawaru gifted it to you on level 6 of the Lair of Beasts)
 21616 | D:12     | Noticed Frances
 21637 | D:12     | Killed Frances
 21915 | D:12     | Got a jewelled buckler
 21926 | D:12     | Identified the +0 buckler of the Blessed Realm {rC+++ Str+8 Dex-2 Stlth-} (You found it on level 12 of the Dungeon)
 22120 | D:12     | Noticed Gastronok
 22134 | D:12     | Reached XP level 15. HP: 133/139 MP: 15/15
 22146 | D:12     | Killed Gastronok
 22405 | D:12     | Noticed motoroller71's ghost (journeyman DsGl)
 22417 | D:12     | Killed motoroller71's ghost
 22610 | D:12     | Reached skill level 15 in Fighting
 22711 | D:13     | Reached skill level 15 in Shields
 22845 | D:13     | Reached skill level 1 in Invocations
 23554 | D:14     | Reached skill level 5 in Invocations
 23709 | D:14     | Got a pair of crude gloves
 23715 | D:14     | Got a dazzling trident
 23777 | D:14     | Identified the +0 pair of gloves of Estragh {MR+} (You found it on level 14 of the Dungeon)
 23786 | D:14     | Learned a level 2 spell: Song of Slaying
 23980 | D:14     | Received a gift from Okawaru
 23980 | D:14     | Reached skill level 1 in Charms
 24791 | D:14     | Found a gate to the Vaults.
 24966 | Orc:1    | Entered Level 1 of the Orcish Mines
 25085 | Orc:1    | Received a gift from Okawaru
 25140 | Orc:1    | Noticed Maurice
 25153 | Orc:1    | Killed Maurice
 25333 | Orc:2    | Entered Level 2 of the Orcish Mines
 25406 | Orc:2    | Found Tuuskin Vung's Antique Armour Emporium.
 25507 | Orc:2    | Noticed an orc warlord
 25508 | Orc:2    | Found Xihiotzo's Antique Weapon Emporium.
 25525 | Orc:2    | Killed an orc warlord
 25532 | Orc:2    | Reached skill level 5 in Charms
 25533 | Orc:2    | Killed from afar by an orc high priest

Skill      XL: |  1  2  3  4  5  6  7  8  9 10 11 12 13 14 15 |
---------------+----------------------------------------------+-----
Maces & Flails | 3 4 5 6 13 14 15 | 15.2
Fighting       | 4 6 8 9 12 14 15 | 15.0
Shields        | 4 6 7 8 10 12 14 15 | 15.0
Dodging        | 5 10 12 | 12.3
Invocations    | 8 |  8.9
Charms         | 5 |  5.0

Action                   |  1- 3 |  4- 6 |  7- 9 | 10-12 | 13-15 || total
-------------------------+-------+-------+-------+-------+-------++-------
Melee: Flail             |   136 |   278 |   498 |       |       ||   912
       Tailslap          |    13 |    23 |    73 |   120 |   276 ||   505
       Morningstar       |       |       |     4 |   374 |       ||   378
       Demon whip        |       |       |       |   293 |  1561 ||  1854
 Cast: Song of Slaying   |       |       |       |       |     3 ||     3
Invok: Heroism           |       |       |       |     3 |     3 ||     6
 Abil: Breathe Fire      |       |       |     7 |     4 |       ||    11
       Stop Flying       |       |       |       |       |     1 ||     1
Evoke: Wand              |       |       |       |     2 |       ||     2
  Use: Scroll            |       |    15 |     3 |    11 |    12 ||    41
       Potion            |       |     1 |     1 |     6 |     7 ||    15
 Stab: Sleeping          |     4 |     2 |     1 |     1 |    10 ||    18
       Confused          |       |       |       |     2 |       ||     2
       Distracted        |       |       |       |       |     1 ||     1
  Eat: Chunk             |     1 |     8 |    18 |    14 |    30 ||    71
       Meat ration       |       |       |       |     2 |       ||     2
       Royal jelly       |       |       |       |       |     2 ||     2
Armor: Skin              |    69 |   130 |   170 |   141 |   166 ||   676
Dodge: Dodged            |   110 |   238 |   286 |   279 |   519 ||  1432
Block: Shield            |       |       |       |   244 |   829 ||  1073
